 Dungeon Crawl Stone Soup version 0.25.0-9-g26727b6 (webtiles) character file.

Game seed: 6848895250823113458

53 Gadfly the Charlatan (level 3, -4/26 HPs)
             Began as a Demonspawn Artificer on June 18, 2020.
             Killed by nerve-wracking pain
             ... invoked by an orc priest
              (12 damage)
             ... on level 3 of the Dungeon.
             The game lasted 00:02:44 (2255 turns).

Gadfly the Charlatan (Demonspawn Artificer)         Turns: 2255, Time: 00:02:44

Health: -4/26      AC: 10    Str: 13    XL:     3   Next: 62%
Magic:  5/5        EV: 11    Int: 12    God:
Gold:   98         SH:  0    Dex: 13    Spells: 2/2 levels left

rFire    + . .     SeeInvis .   r - +1 dagger (vamp)
rCold    . . .     Gourm    .   (no shield)
rNeg     . . .     Faith    .   q - +0 ring mail
rPois    .         Spirit   .   (no helmet)
rElec    .         Reflect  .   (no cloak)
rCorr    .         Harm     .   (no gloves)
MR       .....                  h - +0 pair of boots
Stlth    +.........             (no amulet)
HPRegen  0.08/turn              b - +4 ring of protection
MPRegen  0.09/turn              (no ring)

@: no status effects
A: hooves 1, fire resistance 1
a: no special abilities


You were on level 3 of the Dungeon.
You were not hungry.

You visited 1 branch of the dungeon, and saw 3 of its levels.

You collected 98 gold pieces.

Inventory:

Hand Weapons
 a - a +0 short sword
 r - a +1 vampiric dagger (weapon)
Armour
 h - a +0 pair of boots (worn)
 q - a +0 ring mail (worn)
Jewellery
 b - a +4 ring of protection (left hand)
Wands
 c - a wand of flame (15)
 d - a wand of enslavement (15)
 e - a wand of random effects (15)
Scrolls
 l - a scroll of identify {unknown}
 m - a scroll of blinking {unknown}
 n - a scroll of fog {unknown}
 p - a scroll of enchant armour {unknown}
Potions
 g - a potion of cancellation {unknown}
 j - a potion of magic {unknown}
 k - a potion of heal wounds {unknown}
 o - a potion of flight {unknown}
Comestibles
 f - 4 rations


   Skills:
 - Level 1.0 Fighting
 - Level 0.8 Short Blades
 * Level 2.4 Armour
 - Level 1.7 Dodging
 - Level 0.8 Stealth
 + Level 3.5 Evocations


You had 2 spell levels left.
You didn't know any spells.
Your spell library was empty.

Dungeon Overview and Level Annotations

Branches:
Dungeon (3/15)

Altars:
Gozag
Sif Muna
Uskayaw

Shops:
D:2 *


Innate Abilities, Weirdness & Mutations

You have large cloven feet.
Your flesh is heat resistant. (rF+)


Message History

You closely miss the orc priest. The orc priest hits you.
You barely miss the orc priest. The orc priest barely misses you.
You hit the orc priest but do no damage.
The orc priest hits you but does no damage.
You hit the orc priest but do no damage.
The orc priest hits you.
You are too injured to fight recklessly!
You are too injured to fight recklessly!
You are too injured to fight recklessly!
You are too injured to fight recklessly!
You are too injured to fight recklessly!
You are too injured to fight recklessly!
You are too injured to fight recklessly!
You are too injured to fight recklessly!
You are too injured to fight recklessly!
You completely miss the orc priest. The orc priest hits you.
You hit the orc priest but do no damage.
The orc priest calls down the wrath of Beogh upon you.
Pain shoots through your body!
You die...

#.# .#.# ## ... ..
#.# .# # #.####.#
#. #......#
#..#..#<.....#
$...........(#
......#..@o..#
#######......#
...........# # #
########..##.#....
#............
#.#....g.....
#.#..##.#.... #
#[.# $# ... #... .
.


You could see an orc priest.

Vanquished Creatures
  A worm (D:2)
  2 dart slugs
  A leopard gecko (D:2)
  2 orcs (D:2)
  8 goblins
  8 hobgoblins
  6 kobolds
  A ball python (D:1)
  4 bats
  5 frilled lizards
  5 rats
43 creatures vanquished.

Notes
Turn   | Place    | Note
-------+----------+-------------------------------------------
     0 | D:1      | Gadfly the Demonspawn Artificer began the quest for the
                  | Orb.
     0 | D:1      | Reached XP level 1. HP: 15/15 MP: 3/3
   110 | D:1      | Reached skill level 1 in Armour
   239 | D:1      | Gained mutation: You have large cloven feet. [demonic
                  | ancestry]
   239 | D:1      | Reached XP level 2. HP: 21/21 MP: 4/4
  1336 | D:2      | Gained mutation: Your flesh is heat resistant. (rF+)
                  | [demonic ancestry]
  1336 | D:2      | Reached XP level 3. HP: 26/26 MP: 5/5
  1515 | D:2      | Found an opulent altar of Gozag.
  1515 | D:2      | Found Gozag's Platinum Reserve.
  1621 | D:2      | Found a shimmering blue altar of Sif Muna.
  1624 | D:2      | Found a hide-covered altar of Uskayaw.
  2255 | D:3      | Killed from afar by an orc priest

Illustrated notes

Levels and vault maps discovered:
D:1:      dpeg_arrival_simpleton_c, layout_basic, minmay_splitting_lines
D:2:      layout_basic, chequers_temple_overflow_statue_of_worship,
          first_ration, nicolae_gozag_zags_fifth_avenue
D:3:      minmay_inner_zag, layout_basic

Skill      XL: |  1  2 |
---------------+-------+-----
Armour         | 1 2 |  2.4
Fighting       | |  1.0
Short Blades   | |  0.8
Dodging        | |  1.7
Stealth        | |  0.8
Evocations     | |  3.5

Action                   || total
-------------------------++-------
Melee: Short sword       ||   141
       Dagger            ||    16
  Eat: Chunk             ||     4
Armor: Leather armour    ||    21
       Ring mail         ||    32
Dodge: Dodged            ||   100
